 Dungeon Sprint DCSS version 0.30-a0-137-gd8773701ce (webtiles) character file.

Game seed: 13121297279490860268

4400000 Pilot the Heavyweight Champion (level 21, -2/265 HPs)
             Began as a Troll Gladiator on Sept 22, 2022.
             Killed by an exploding large bag of meat (31 damage)
             ... ignited by their inner flame
             ... in the Dungeon (Sprint VIII: "Arena of Blood").
             The game lasted 00:06:43 (44 turns).

Pilot the Heavyweight Champion (Troll Gladiator)      Turns: 44, Time: 00:06:46

Health: -2/265     AC:  4    Str: 28    XL:     21   Next: 15%
Magic:  18/31      EV: 28    Int:  4    God:
Gold:   0          SH:  0    Dex: 19    Spells: 34/34 levels left

rFire   . . .      SeeInvis .    k - +∞ Axe of Woe
rCold   . . .      Faith    .    (shield currently unavailable)
rNeg    . . .      Spirit   .    a - +0 robe
rPois   .          Reflect  .    b - +0 hat
rElec   .          Harm     .    (no cloak)
rCorr   .          Rampage  .    (gloves unavailable)
Will    +....      NoTele   +    (boots unavailable)
Stlth   ++++......               (no amulet)
HPRegen 1.34/turn                l - +30 ring of slaying
MPRegen 0.22/turn                d - +200 ring of slaying

@: hasted, very quick
A: large, unfitting armour, claws 3, regeneration 1, shaggy fur 1, tough skin 1
a: no special abilities


You were in the Dungeon.
You visited 1 branch

Inventory:

Hand Weapons
 k - the +∞ Axe of Woe (weapon)
   (You found it in the Dungeon)
Missiles
 c - 3 throwing nets (quivered)
Armour
 a - a +0 robe (worn)
 b - a +0 hat (worn)
Jewellery
 d - a +200 ring of slaying (right claw)
 f - a +30 ring of slaying
 l - a +30 ring of slaying (left claw)
Scrolls
 j - a scroll of blinking
Potions
 e - a potion of curing
 h - 2 potions of magic
 i - a potion of berserk rage


   Skills:
 O Level 27 Fighting
 + Level 9.7(11.2) Short Blades
 + Level 8.7(10.6) Long Blades
 O Level 27 Axes
 + Level 8.7 Staves
 + Level 7.2 Ranged Weapons
 O Level 27 Throwing
 + Level 8.7 Armour
 O Level 27 Dodging
 + Level 6.6 Stealth
 + Level 10.6 Shields
 O Level 27 Unarmed Combat
 + Level 7.4 Spellcasting
 + Level 8.9 Conjurations
 + Level 8.1 Hexes
 + Level 8.9 Summonings
 + Level 9.7 Necromancy
 + Level 8.9 Translocations
 + Level 8.9 Transmutations
 + Level 8.9 Fire Magic
 + Level 8.9 Ice Magic
 + Level 8.1 Air Magic
 + Level 10.6 Earth Magic
 + Level 8.9 Poison Magic
 + Level 10.6 Invocations
 + Level 8.9 Evocations


You had 34 spell levels left.
You didn't know any spells.
Your spell library was empty.

Dungeon Overview and Level Annotations

Branches:
Dungeon (1/1)

Altars:
Makhleb


Innate Abilities, Weirdness & Mutations

You are too large for most types of armour.
You have claws for hands.
Your natural rate of healing is unusually fast.
You are covered in fur. (AC +1)
You have tough skin. (AC +1)


Message History

Your Fire Magic skill increases to level 8!
Your Ice Magic skill increases to level 8!
Your Air Magic skill increases to level 8!
Your Earth Magic skill increases to level 10!
Your Poison Magic skill increases to level 8!
Your Invocations skill increases to level 10!
Your Evocations skill increases to level 8!
You have reached level 21!
Your experience leads to an increase in your attributes!
Increase (S)trength, (I)ntelligence, or (D)exterity?
You feel agile. x2; You feel stronger.
You remove your +30 ring of slaying.
You hear a shout!
The destroyer casts a spell at you.
The destroyer blinks!
d - a +200 ring of slaying (right claw)
The tyrant appears out of thin air!
A tyrant comes into view.
A sculptor of flesh comes into view. It is wielding a +9 great sword.
You hear a shout! x3
You dice the large bag of meat like an onion!!!!
Flame seeps out of the large bag of meat.
You fatally mangle the large bag of meat.
You dice the meat berserker like an onion!!!!!
You butcher the meat berserker messily.
You kill the meat berserker!
You carve the bag of meat like a ham!!!
You hew the bag of meat savagely.
You kill the bag of meat!
You dice the large bag of meat like an onion!!!!
Flame seeps out of the large bag of meat.
You fatally mangle the large bag of meat.
The large bag of meat explodes!
The fiery explosion engulfs the tyrant!!
The fiery explosion engulfs the large bag of meat!!!
The fiery explosion engulfs you!!
* * * LOW HITPOINT WARNING * * *
The large bag of meat explodes!
The fiery explosion engulfs the large bag of meat.
The fiery explosion engulfs you!!
You die...

..O...... ......
#.......# ......O... .
#.(.....# ....z...V.
..###.o...o.###......z..
......###.oo.......o..#
....OO_.zo.OzV..O....
.#.....#oo.....#.#..
#_.<._#.O.)).......
#)))..#..§§@§#.#.#
.......)_.....§○○)...O..
......o###....LO)o.#.#o#
..###.o....z###...oooO.
. #.o.....# §..o.oo...
#...z...#V..........
............o.......
....... ....#...#...
...#....#..


You could see a tyrant, 3 destroyers, 5 sculptors of flesh, 4 large bags of
meat, 3 meat berserkers and 16 bags of meat.

Vanquished Creatures
  3 vampire knights (D)
  15 ogres (D)
  2 two-headed ogres (D)
  27 orcs (D)
47 creatures vanquished.

Notes
Turn   | Place    | Note
-------+----------+-------------------------------------------
     0 | D        | Found the +∞ Axe of Woe
     0 | D        | Pilot the Troll Gladiator began the quest for the Orb.
     0 | D        | Reached XP level 1. HP: 19/19 MP: 0/0
     0 | D        | Noticed a bag of meat
     2 | D        | Noticed a bag of meat
     3 | D        | Noticed a bag of meat
     4 | D        | Noticed a bag of meat
     4 | D        | Noticed a bag of meat
     5 | D        | Killed a bag of meat
     5 | D        | Noticed a meat berserker
     5 | D        | Noticed a bag of meat
     6 | D        | Reached XP level 2. HP: 41/41 MP: 1/1
     6 | D        | Reached XP level 3. HP: 48/48 MP: 2/2
     6 | D        | Reached XP level 4. HP: 57/57 MP: 3/3
     6 | D        | Reached XP level 5. HP: 63/63 MP: 4/4
     6 | D        | Reached XP level 6. HP: 72/72 MP: 5/5
     6 | D        | Reached XP level 7. HP: 79/79 MP: 6/6
     6 | D        | Reached XP level 8. HP: 88/88 MP: 7/7
     6 | D        | Reached XP level 9. HP: 96/96 MP: 8/8
     6 | D        | Reached XP level 10. HP: 104/104 MP: 9/9
     7 | D        | Noticed a meat berserker
    10 | D        | Killed a meat berserker
    10 | D        | Killed a bag of meat
    10 | D        | Killed a bag of meat
    11 | D        | Reached XP level 11. HP: 18/120 MP: 10/10
    11 | D        | Reached XP level 12. HP: 20/130 MP: 11/11
    11 | D        | Reached XP level 13. HP: 21/137 MP: 12/12
    11 | D        | Killed a bag of meat
    11 | D        | Killed a bag of meat
    12 | D        | Reached XP level 14. HP: 24/149 MP: 13/13
    13 | D        | Killed a meat berserker
    13 | D        | Killed a bag of meat
    13 | D        | Noticed a bag of meat
    13 | D        | Noticed a meat berserker
    13 | D        | Noticed a meat berserker
    16 | D        | Noticed a bag of meat
    16 | D        | Noticed a bag of meat
    16 | D        | Noticed a meat berserker
    17 | D        | Noticed a large bag of meat
    18 | D        | Killed a meat berserker
    18 | D        | Noticed a bag of meat
    19 | D        | Reached XP level 15. HP: 60/162 MP: 14/14
    22 | D        | Noticed a meat berserker
    23 | D        | Noticed a destroyer
    23 | D        | Noticed a meat berserker
    24 | D        | Noticed a large bag of meat
    25 | D        | Noticed a destroyer
    25 | D        | Noticed a meat berserker
    26 | D        | Noticed a meat berserker
    26 | D        | Noticed a meat berserker
    26 | D        | Noticed a meat berserker
    26 | D        | Noticed a meat berserker
    27 | D        | Noticed a meat berserker
    27 | D        | Noticed a large bag of meat
    27 | D        | Noticed a large bag of meat
    29 | D        | Reached skill level 27 in Unarmed Combat
    30 | D        | Killed a meat berserker
    31 | D        | Reached skill level 15 in Fighting
    31 | D        | Reached skill level 15 in Throwing
    31 | D        | Reached XP level 16. HP: 76/176 MP: 15/15
    31 | D        | Killed a meat berserker
    31 | D        | Killed a meat berserker
    31 | D        | Killed a meat berserker
    31 | D        | Noticed a meat berserker
    32 | D        | Reached skill level 27 in Dodging
    32 | D        | Killed a destroyer
    32 | D        | Killed a meat berserker
    32 | D        | Noticed a destroyer
    33 | D        | Reached XP level 17. HP: 88/201 MP: 16/16
    33 | D        | Killed a meat berserker
    33 | D        | Killed a meat berserker
    33 | D        | Noticed a sculptor of flesh
    34 | D        | Reached skill level 27 in Axes
    34 | D        | Reached XP level 18. HP: 98/222 MP: 17/17
    34 | D        | Killed a meat berserker
    34 | D        | Noticed a destroyer
    35 | D        | Noticed a meat berserker
    36 | D        | Reached skill level 27 in Fighting
    36 | D        | Reached skill level 27 in Throwing
    36 | D        | Reached XP level 19. HP: 109/245 MP: 18/18
    37 | D        | Reached skill level 1 in Long Blades
    37 | D        | Reached skill level 1 in Staves
    37 | D        | Reached skill level 1 in Ranged Weapons
    37 | D        | Reached skill level 1 in Armour
    37 | D        | Reached skill level 1 in Stealth
    37 | D        | Reached skill level 1 in Spellcasting
    37 | D        | Reached skill level 1 in Conjurations
    37 | D        | Reached skill level 1 in Hexes
    37 | D        | Reached skill level 1 in Summonings
    37 | D        | Reached skill level 1 in Translocations
    37 | D        | Reached skill level 1 in Transmutations
    37 | D        | Reached skill level 1 in Fire Magic
    37 | D        | Reached skill level 1 in Ice Magic
    37 | D        | Reached skill level 1 in Air Magic
    37 | D        | Reached skill level 1 in Poison Magic
    37 | D        | Reached skill level 1 in Evocations
    37 | D        | Noticed a large bag of meat
    37 | D        | Noticed a large bag of meat
    37 | D        | Noticed a meat berserker
    38 | D        | Killed a destroyer
    38 | D        | Killed a meat berserker
    38 | D        | Noticed a meat berserker
    38 | D        | Noticed a destroyer
    39 | D        | Reached skill level 5 in Long Blades
    39 | D        | Reached skill level 5 in Staves
    39 | D        | Reached skill level 5 in Armour
    39 | D        | Reached skill level 5 in Conjurations
    39 | D        | Reached skill level 5 in Hexes
    39 | D        | Reached skill level 5 in Summonings
    39 | D        | Reached skill level 5 in Translocations
    39 | D        | Reached skill level 5 in Transmutations
    39 | D        | Reached skill level 5 in Fire Magic
    39 | D        | Reached skill level 5 in Ice Magic
    39 | D        | Reached skill level 5 in Air Magic
    39 | D        | Reached skill level 5 in Poison Magic
    39 | D        | Reached skill level 5 in Evocations
    39 | D        | Reached XP level 20. HP: 48/256 MP: 18/26
    39 | D        | Noticed a destroyer
    39 | D        | Killed a destroyer
    40 | D        | Reached skill level 5 in Stealth
    41 | D        | Killed a meat berserker
    41 | D        | Killed a meat berserker
    41 | D        | Noticed a meat berserker
    42 | D        | Reached skill level 10 in Shields
    42 | D        | Reached skill level 10 in Earth Magic
    42 | D        | Reached skill level 10 in Invocations
    42 | D        | Reached XP level 21. HP: 52/265 MP: 18/31
    44 | D        | Noticed a tyrant
    44 | D        | Killed a large bag of meat
    44 | D        | Killed a large bag of meat
    44 | D        | Killed by an exploding large bag of meat... ignited by
                  | their inner flame

Illustrated notes

Levels and vault maps discovered:
D:        meatsprint

Skill      XL: |  1  2  3  4  5  6  7  8  9 10 11 12 13 14 15 16 17 18 19 20 |
---------------+-------------------------------------------------------------+-----
Fighting       | 7 11 12 13 15 19 23 27 | 27.0
Axes           | 2 8 9 13 16 26 27 | 27.0
Throwing       | 8 11 13 15 19 21 27 | 27.0
Dodging        | 13 18 19 21 24 27 | 27.0
Unarmed Combat | 16 22 24 26 27 | 27.0
Short Blades   | 6 9 |  9.7
Long Blades    | 5 8 |  8.7
Staves         | 5 8 |  8.7
Ranged Weapons | 4 7 |  7.2
Armour         | 5 8 |  8.7
Stealth        | 4 6 |  6.6
Shields        | 7 10 | 10.6
Spellcasting   | 4 7 |  7.4
Conjurations   | 5 8 |  8.9
Hexes          | 5 8 |  8.1
Summonings     | 5 8 |  8.9
Necromancy     | 6 9 |  9.7
Translocations | 5 8 |  8.9
Transmutations | 5 8 |  8.9
Fire Magic     | 5 8 |  8.9
Ice Magic      | 5 8 |  8.9
Air Magic      | 5 8 |  8.1
Earth Magic    | 7 10 | 10.6
Poison Magic   | 5 8 |  8.9
Invocations    | 7 10 | 10.6
Evocations     | 5 8 |  8.9

Action                   |  1- 3 |  4- 6 |  7- 9 | 10-12 | 13-15 | 16-18 | 19-21 || total
-------------------------+-------+-------+-------+-------+-------+-------+-------++-------
Melee: Executioner's axe |     1 |       |       |     1 |     6 |     5 |     5 ||    18
Throw: Large rock        |       |       |       |       |     1 |       |       ||     1
  Use: Potion            |       |       |       |     1 |     1 |       |       ||     2

Table legend: (Time is in decaauts)
 A = Elapsed time spent in this place.
 B = Non-inter-level travel time spent in this place.
 C = Inter-level travel time spent in this place.
 D = Time resting spent in this place.
 E = Time spent auto-exploring this place.
 F = Levels seen in this place.
 G = Mean time per level.
                   A        B        C        D        E       F      G
               +--------+--------+--------+--------+--------+-----+--------+
         Total |     31 |     31 |      0 |      0 |      0 |   1 |   31.0 |
       Dungeon |     31 |     31 |      0 |      0 |      0 |   1 |   31.0 |
               +--------+--------+--------+--------+--------+-----+--------+

Top non-repeatable levels by time:
       D: 31 daAuts
